 Dungeon Crawl Stone Soup version 0.30-a0-6-g7c9e10e132 (webtiles) character file.

Game seed: 10664499866660873850

21 ytrimaz the Trooper (level 2, -3/24 HPs)
             Began as a Demonspawn Monk on Aug 22, 2022.
             Slain by a worm (7 damage)
             ... on level 2 of the Dungeon.
             The game lasted 00:00:42 (1593 turns).

ytrimaz the Trooper (Demonspawn Monk)               Turns: 1593, Time: 00:00:43

Health: -3/24      AC:  2    Str: 11    XL:     2   Next: 62%
Magic:  2/2        EV: 12    Int: 11    God:
Gold:   42         SH:  0    Dex: 15    Spells: 1/1 levels left

rFire   . . .      SeeInvis .      - Unarmed
rCold   . . .      Faith    .    (no shield)
rNeg    . . .      Spirit   .    a - +0 robe
rPois   .          Reflect  .    (no helmet)
rElec   .          Harm     .    (no cloak)
rCorr   .          Rampage  .    (no gloves)
Will    .....                    (no boots)
Stlth   ++........               (no amulet)
HPRegen 0.08/turn                (no ring)
MPRegen 0.08/turn                (no ring)

@: no status effects
A: foul stench 1
a: no special abilities


You were on level 2 of the Dungeon.
You visited 1 branch of the dungeon, and saw 2 of its levels.

You collected 42 gold pieces.

Inventory:

Armour
 a - a +0 robe (worn)
Jewellery
 f - a +4 ring of evasion
Scrolls
 c - a scroll of identify
 d - a scroll of vulnerability
Potions
 b - a potion of lignification {unknown}
 e - 2 potions of curing


   Skills:
 + Level 3.4 Fighting
 - Level 2.6 Dodging
 - Level 1.7 Stealth
 + Level 3.3 Unarmed Combat


You had one spell level left.
You didn't know any spells.
Your spell library contained the following spells:

 Spells                   Type           Power      Damage    Failure   Level
 Summon Guardian Golem    Hex/Summ       0%         N/A       71%         3
 Orb of Destruction       Conj           0%         9d5       100%        7
 Spellforged Servitor     Conj/Summ      0%         N/A       100%        7


Dungeon Overview and Level Annotations

Branches:
Dungeon (2/15)

Altars:


Innate Abilities, Weirdness & Mutations

You may rarely emit foul miasma when damaged in melee.


Message History

The hobgoblin barely misses you.
You are too injured to fight recklessly!
You hit the hobgoblin but do no damage.
The hobgoblin is severely wounded.
The hobgoblin closely misses you.
You hit the hobgoblin.
You kill the hobgoblin!
You are too injured to fight recklessly!
You hit the rat.
You kill the rat!
You see here a hobgoblin corpse.
You are too injured to fight recklessly!
HP restored.
A worm comes into view.
A worm is nearby!
A worm is nearby!
A worm is nearby!
The helpless worm fails to defend itself.
You hit the worm.
The worm is lightly wounded.
The worm bites you!
You hit the worm.
The worm is lightly wounded.
The worm bites you.
You are too injured to fight recklessly!
You hit the worm.
The worm is moderately wounded.
You are too injured to fight recklessly!
You completely miss the worm.
The worm is moderately wounded.
The worm bites you!
* * * LOW HITPOINT WARNING * * *
Unknown command.
You hit the worm.
The worm is heavily wounded.
You are too injured to fight recklessly!
You hit the worm.
The worm is heavily wounded.
The worm bites you!
You die...

# . ##
##.##.##
#..#..w#####..
#....#@......#
#...#####..
##.## #.# #.#
#.# ##.##
##...#####...
#..#.......#


You could see a worm.

Vanquished Creatures
  A dart slug (D:1)
  2 bats (D:1)
  An endoplasm (D:1)
  A giant cockroach (D:1)
  2 hobgoblins
  3 jackals (D:2)
  2 kobolds (D:1)
  2 frilled lizards (D:1)
  4 rats
18 creatures vanquished.

Notes
Turn   | Place    | Note
-------+----------+-------------------------------------------
     0 | D:1      | ytrimaz the Demonspawn Monk began the quest for the Orb.
     0 | D:1      | Reached XP level 1. HP: 18/18 MP: 1/1
    19 | D:1      | Found a faded altar of an unknown god.
   296 | D:1      | Gained mutation: You may rarely emit foul miasma when
                  | damaged in melee. [demonic ancestry]
   296 | D:1      | Reached XP level 2. HP: 8/24 MP: 2/2
  1593 | D:2      | Slain by a worm

Illustrated notes

Levels and vault maps discovered:
D:1:      enne_arrival_octagon_isle, layout_basic,
          shapermc_ecumenical_altar_totnotflames, minmay_octomino_e4
D:2:      layout_basic, minmay_misc_feat_tower, uniq_jessica

Skill      XL: |  1 |
---------------+----+-----
Unarmed Combat | 3 |  3.3
Fighting       | |  3.4
Dodging        | |  2.6
Stealth        | |  1.7

Action                   || total
-------------------------++-------
Melee: Unarmed           ||    62
       Punch             ||     1
  Use: Potion            ||     2
       Scroll            ||     3
 Stab: Sleeping          ||     2
Armor: Robe              ||    19
Dodge: Dodged            ||    65

Table legend: (Time is in decaauts)
 A = Elapsed time spent in this place.
 B = Non-inter-level travel time spent in this place.
 C = Inter-level travel time spent in this place.
 D = Time resting spent in this place.
 E = Time spent auto-exploring this place.
 F = Levels seen in this place.
 G = Mean time per level.
                   A        B        C        D        E       F      G
               +--------+--------+--------+--------+--------+-----+--------+
         Total |   1589 |   1525 |     64 |    100 |   1283 |   2 |  794.5 |
       Dungeon |   1589 |   1525 |     64 |    100 |   1283 |   2 |  794.5 |
               +--------+--------+--------+--------+--------+-----+--------+

Top non-repeatable levels by time:
     D:1: 1274 daAuts
     D:2: 315 daAuts
